 Dungeon Crawl Stone Soup version 0.30.1 (webtiles) character file.

Game seed: 7206578286549578251

156 growler the Insei (level 5, -3/40 HPs)
             Began as a Draconian Transmuter on July 10, 2023.
             Slain by Grinder (4 damage)
             ... on level 3 of the Dungeon.
             The game lasted 00:07:32 (2896 turns).

growler the Insei (Draconian Transmuter)            Turns: 2896, Time: 00:07:32

Health: -3/40      AC:  5    Str: 12    XL:     5   Next: 14%
Magic:  7/9        EV: 12    Int: 13    God:
Gold:   166        SH:  0    Dex: 14    Spells: 0/10 levels left

rFire   . .          .
                       - Unarmed
rCold   . . .        (no shield)
rNeg    . . .        (body armour unavailable)
rPois   .            (helmet restricted)
rElec   .            (no cloak)
rCorr   .            (no gloves)
SInv    .            (no boots)
Will    .....        (no amulet)
Stlth   +            (no ring)
HPRegen 0.26/turn    (no ring)
MPRegen 0.11/turn

%: no passive effects
@: no status effects
A: AC +5, unfitting armour, cold-blooded
a: no special abilities


You were on level 3 of the Dungeon.
You visited 1 branch of the dungeon, and saw 3 of its levels.

You collected 166 gold pieces.

Inventory:

Jewellery
 j - a ring of resist corrosion
Scrolls
 b - a scroll of poison {unknown}
 e - a scroll of immolation {unknown}
 f - a scroll of magic mapping {unknown}
 g - 3 scrolls of identify {unknown}
 h - 2 scrolls of amnesia {unknown}
 i - a scroll of teleportation {unknown}
 m - a scroll of fog {unknown}
Potions
 a - a potion of lignification
 c - a potion of curing {unknown}
 d - 2 potions of mutation {unknown}
 k - a potion of ambrosia {unknown}
 l - a potion of brilliance {unknown}
 n - a potion of berserk rage {unknown}
 o - 2 potions of attraction {unknown}


   Skills:
 - Level 1.1 Fighting
 - Level 1.7 Dodging
 + Level 4.3 Unarmed Combat
 - Level 3.0 Spellcasting
 + Level 3.6 Transmutations


You couldn't memorise any spells.
You knew the following spells:

 Your Spells              Type           Power      Damage    Failure   Level
a - Beastly Appendage     Tmut           22%        N/A       5%          1
b - Wereblood             Tmut           11%        N/A       8%          2
c - Spider Form           Tmut/Pois      6%         N/A       32%         3
d - Ice Form              Ice/Tmut       6%         N/A       73%         4

Your spell library contained the following spells:

 Spells                   Type           Power      Damage    Failure   Level
 Freeze                   Ice            4%         1d3       22%         1
 Slow                     Hex            4%         N/A       22%         1
 Lesser Beckoning         Tloc           2%         N/A       34%         2
 Confusing Touch          Hex            1%         N/A       56%         3
 Frozen Ramparts          Ice            2%         1d1       56%         3
 Gell's Gravitas          Tloc           1%         N/A       56%         3
 Hailstorm                Conj/Ice       1%         3d3       56%         3
 Portal Projectile        Hex/Tloc       2%         N/A       56%         3
 Teleport Other           Tloc           1%         N/A       56%         3
 Tukima's Dance           Hex            1%         N/A       56%         3
 Vampiric Draining        Necr           1%         2d6       56%         3
 Blade Hands              Tmut           5%         N/A       82%         5


Dungeon Overview and Level Annotations

Branches:
Dungeon (3/15)

Altars:
Makhleb
Okawaru

Shops:
D:1 [   D:2 !   D:3 *

Annotations:
D:3 Grinder


Innate Abilities, Weirdness & Mutations

Your plain brown scales are hard. (AC +5)
You cannot fit into any form of body armour.
You are cold-blooded and may be slowed by cold attacks.


Message History

Pain shoots through your body!
Your transformation is almost over.
Grinder hits you!
You hit Grinder.
Grinder is lightly wounded.
Grinder misses you.
You hit Grinder but do no damage.
Grinder is lightly wounded.
Grinder gestures at you. You resist with significant effort.
You hit Grinder.
Grinder is moderately wounded.
Grinder closely misses you.
You hit Grinder.
Grinder is moderately wounded.
Grinder hits you.
You writhe in agony.
You bite Grinder!
Grinder is heavily wounded.
Grinder completely misses you.
You hit Grinder.
Grinder is severely wounded.
Grinder gestures at you.
You barely resist. You bite Grinder!
Grinder is almost dead.
Grinder hits you!
You writhe in agony.
You hit Grinder.
Grinder is almost dead.
Grinder gestures at you. Pain shoots through your body!
* * * LOW HITPOINT WARNING * * *
Okay, then.
You barely miss Grinder.
Grinder is almost dead.
Grinder completely misses you.
You closely miss Grinder.
Grinder is almost dead.
Your transformation has ended.
Grinder hits you.
You die...

#.# #.#...#
#.#....
#####.#...#
#.....#...#
#.#####...#
#.# #...# #.#
#..5# #
#.#####..@#.#
#.#.......#.#
#.#.....#...#
#.#######.#.#
#.........#...
###########
###


You could see Grinder.

Vanquished Creatures
  An orc priest (D:3)
  An iguana (D:3)
  4 adders (D:2)
  2 worms (D:3)
  8 orcs (D:3)
  7 ball pythons
  2 endoplasms
  A giant cockroach (D:2)
  2 goblins
  2 hobgoblins (D:2)
  4 jackals (D:2)
  2 kobolds
  5 quokkas
  2 bats
  5 frilled lizards
  5 rats
53 creatures vanquished.

Notes
Turn   | Place    | Note
-------+----------+-------------------------------------------
     0 | D:1      | growler the Draconian Transmuter began the quest for the
                  | Orb.
     0 | D:1      | Reached XP level 1. HP: 16/16 MP: 3/3
   483 | D:1      | Reached XP level 2. HP: 23/23 MP: 5/5
   829 | D:1      | Learned a level 2 spell: Wereblood
   996 | D:1      | Found Pisch's Antique Armour Shoppe.
  1265 | D:2      | Found Kiogeo's Distillery.
  1274 | D:2      | Reached XP level 3. HP: 27/28 MP: 4/6
  1302 | D:2      | Found a faded altar of an unknown god.
  1578 | D:2      | Learned a level 3 spell: Spider Form
  1581 | D:2      | Found a burning altar of Makhleb.
  1783 | D:2      | Reached XP level 4. HP: 35/35 MP: 8/8
  2122 | D:3      | Found Midick's General Store.
  2201 | D:3      | Found an iron altar of Okawaru.
  2269 | D:3      | Reached skill level 4 in Unarmed Combat
  2296 | D:3      | Reached XP level 5. HP: 31/40 MP: 6/9
  2314 | D:3      | Learned a level 4 spell: Ice Form
  2878 | D:3      | Noticed Grinder
  2879 | D:3      | Paralysed by Grinder for 4 turns
  2894 | D:3      | HP: 1/40 [Grinder/nerve-wracking pain (12)]
  2896 | D:3      | Slain by Grinder

Illustrated notes

Levels and vault maps discovered:
D:1:      minmay_arrival_checkered_box, layout_basic, serial_shops,
          nicolae_shop_back_alley_shop, dreamdust_princess_bridge
D:2:      cheibrodos_old_hovel, layout_loops_ring,
          hellmonk_ecumenical_altar_pennies_from_heaven, basic_altar,
          serial_shops, shop, nrook_uturn
D:3:      minmay_chambers_of_threes, layout_basic,
          grunt_temple_overflow_holy_war, okawaru_gym_becter, serial_shops,
          shop, uniq_grinder

Skill      XL: |  1  2  3  4 |
---------------+-------------+-----
Transmutations | 3 |  3.6
Spellcasting   | 3 |  3.0
Unarmed Combat | 4 |  4.3
Fighting       | |  1.1
Dodging        | |  1.7

Action                     |  1- 3 |  4- 6 || total
---------------------------+-------+-------++-------
  Melee: Unarmed           |   113 |    57 ||   170
         Kick              |    19 |    14 ||    33
         Headbutt          |    11 |     8 ||    19
         Tailslap          |    12 |     4 ||    16
         Punch             |     4 |       ||     4
   Cast: Beastly Appendage |    18 |     6 ||    24
         Wereblood         |       |     2 ||     2
         Spider Form       |       |     1 ||     1
   Stab: Sleeping          |     1 |       ||     1
 Armour: Skin              |    23 |     8 ||    31
  Dodge: Dodged            |    67 |    28 ||    95
